 Dungeon Crawl Stone Soup version 0.24-a0-203-gf0bc1e9 (webtiles) character file.

Game seed: 2395922317819885990

106 Borgoz the Cutter (level 5, 0/32 HPs)
             Began as a Kobold Gladiator on Mar 27, 2019.
             Succumbed to an adder's poison
             ... on level 3 of the Dungeon.
             The game lasted 00:03:54 (1901 turns).

Borgoz the Cutter (Kobold Gladiator)                Turns: 1901, Time: 00:03:54

Health: 0/32       AC:  8    Str: 13    XL:     5   Next: 10%
Magic:  5/5        EV: 16    Int: 14    God:
Gold:   55         SH:  0    Dex: 16    Spells: 4/4 levels left

rFire    . . .     SeeInvis .   a - +0 rapier
rCold    . . .     Gourm    .   (shield restricted)
rNeg     . . .     Faith    .   b - +0 leather armour
rPois    .         Spirit   .   c - +0 helmet
rElec    .         Reflect  .   q - scarf {repulsion}
rCorr    .         Harm     .   k - +0 pair of gloves
MR       .....                  h - +2 pair of boots
Stlth    +.........             (no amulet)
HPRegen  0.10/turn              (no ring)
MPRegen  0.09/turn              (no ring)

@: brilliant, lethally poisoned (0 -> -5), repel missiles
A: small, carnivore
a: no special abilities


You were on level 3 of the Dungeon.
You were very full.

You visited 1 branch of the dungeon, and saw 3 of its levels.

You collected 55 gold pieces.

Inventory:

Hand Weapons
 a - a +0 rapier (weapon)
 m - a +0 dagger of protection
Missiles
 d - 5 throwing nets (quivered)
Armour
 b - a +0 leather armour (worn)
 c - a +0 helmet (worn)
 h - a +2 pair of boots (worn)
 k - a +0 pair of gloves (worn)
 q - a scarf of repulsion (worn)
Jewellery
 s - a +3 ring of protection {unknown}
Scrolls
 e - a scroll of fog {unknown}
 g - 2 scrolls of identify {unknown}
 i - 2 scrolls of remove curse {unknown}
 j - a scroll of random uselessness {unknown}
 o - a scroll of enchant armour {unknown}
 p - a scroll of fear {unknown}
Potions
 l - a potion of brilliance
 n - a potion of heal wounds {unknown}
 r - a potion of curing
 t - a potion of lignification {unknown}
Comestibles
 f - 3 rations


   Skills:
 + Level 3.1 Fighting
 + Level 4.8 Short Blades
 + Level 3.1 Throwing
 + Level 1.3 Armour
 + Level 4.2 Dodging


You had 4 spell levels left.
You didn't know any spells.
Your spell library was empty.

Dungeon Overview and Level Annotations

Branches:
Dungeon (3/15)

Altars:
Dithmenos
Fedhas
Trog
Xom
Yredelemnul


Innate Abilities, Weirdness & Mutations

You are small and have problems with some larger weapons.
You are carnivorous and can eat meat at any time.


Message History

You barely miss the adder.
The adder is heavily wounded.
The adder misses you. The goblin hits you but does no damage.
The adder misses you.
You hit the adder but do no damage.
The adder is heavily wounded.
The adder bites you.
* * * LOW HITPOINT WARNING * * *
You are lethally poisoned!
The adder poisons you! The goblin closely misses you.
You closely miss the adder.
The adder is heavily wounded.
* * * LOW HITPOINT WARNING * * *
You feel sick. The adder misses you.
You puncture the adder!
You kill the adder!
The goblin closely misses you.
You hit the orc.
The orc is severely wounded.
You die...

....).... .........
......... ........#
... ........# ...
..[.....#...#.
...b......g.#.S...
...........@#....#
(^...######o#....#
..........oo.....##
..............[...###
....................#
...............<[##
.........$........#
................#.#
###.........†...#..#


You could see an orc priest, 2 orcs and a goblin.

Vanquished Creatures
  4 adders
  An ooze (D:2)
  2 worms (D:2)
  2 dart slugs
  3 leopard geckos
  2 ball pythons
  9 bats
  3 giant cockroaches
  5 goblins
  4 hobgoblins
  A quokka (D:2)
  7 frilled lizards
  2 kobolds (D:1)
  12 rats
57 creatures vanquished.

Notes
Turn   | Place    | Note
-------+----------+-------------------------------------------
     0 | D:1      | Borgoz the Kobold Gladiator began the quest for the Orb.
     0 | D:1      | Reached XP level 1. HP: 12/12 MP: 1/1
   213 | D:1      | Reached XP level 2. HP: 18/18 MP: 2/2
   426 | D:1      | Reached XP level 3. HP: 22/22 MP: 3/3
   713 | D:2      | Found a bloodstained altar of Trog.
   726 | D:2      | Reached skill level 1 in Armour
   726 | D:2      | Reached XP level 4. HP: 14/27 MP: 4/4
  1760 | D:2      | Found a basalt altar of Yredelemnul.
  1760 | D:2      | Found a faded altar of an unknown god.
  1765 | D:2      | Found a blossoming altar of Fedhas.
  1768 | D:2      | Found a shimmering altar of Xom.
  1770 | D:2      | Found a shadowy altar of Dithmenos.
  1882 | D:3      | Reached XP level 5. HP: 18/32 MP: 5/5
  1899 | D:3      | HP: 1/32 [poisoned by an adder]
  1901 | D:3      | Succumbed to an adder's poison

Levels and vault maps discovered:
D:1:      dpeg_arrival_simpleton_c, layout_rooms, dk_noncrumbling_3,
          minmay_cupped
D:2:      layout_basic, chequers_temple_overflow_minitemple,
          lemuel_crystal_altar
D:3:      cheibrodos_greedy_goblins, layout_basic,
          chequers_ecumenical_altar_simple

Skill      XL: |  1  2  3  4 |
---------------+-------------+-----
Dodging        | 4 |  4.2
Armour         | 1 |  1.3
Throwing       | 3 |  3.1
Fighting       | 3 |  3.1
Short Blades   | |  4.8

Action                   |  1- 3 |  4- 6 || total
-------------------------+-------+-------++-------
Melee: Rapier            |    85 |   129 ||   214
  Use: Potion            |       |     2 ||     2
 Stab: Sleeping          |     1 |     1 ||     2
  Eat: Chunk             |     4 |     7 ||    11
Armor: Leather armour    |    29 |    42 ||    71
Dodge: Dodged            |    83 |   123 ||   206

Table legend:
 A = Non-vault XP
 B = Vault XP
 C = Vault XP percentage of total XP
 D = Non-vault monster count
 E = Vault monster count
 F = Vault count percentage of total count
                 A         B        C        D         E       F
            +---------+---------+-------+---------+---------+-------
      Total |     149 |       3 |   2.0 |      55 |       2 |   3.5
            +---------+---------+-------+---------+---------+-------
        D:1 |      34 |       3 |   8.1 |      18 |       2 |  10.0
        D:2 |      99 |       0 |   0.0 |      33 |       0 |   0.0
        D:3 |      16 |       0 |   0.0 |       4 |       0 |   0.0
            +---------+---------+-------+---------+---------+-------
